 Dungeon Crawl Stone Soup version 0.28.0-49-g6dfe1f597d (webtiles) character file.

Game seed: 11647315978624548347

13819 ZappyNine the Basher (level 11, -5/97 HPs)
             Began as a Minotaur Fighter on May 19, 2022.
             Was a Believer of Yredelemnul.
             Shot with an arrow by a deep elf archer (23 damage)
             ... on level 12 of the Dungeon on May 20, 2022.
             The game lasted 00:13:29 (14130 turns).

ZappyNine the Basher (Minotaur Fighter)            Turns: 14130, Time: 00:13:30

Health: -5/97      AC: 17    Str: 25    XL:     11   Next: 80%
Magic:  10/10      EV: 26    Int: 10    God:    Yredelemnul [**....]
Gold:   551        SH:  4    Dex: 12    Spells: 10/10 levels left

rFire   . . .      SeeInvis +   m - +11 whip "Bigg" {vorpal, rPois Int+5}
rCold   . . .      Faith    .   c - +0 buckler
rNeg    . . .      Spirit   .   u - +0 plate armour
rPois   +          Reflect  .   (helmet restricted)
rElec   .          Harm     .   (no cloak)
rCorr   .          Rampage  .   (no gloves)
Will    .....                   q - +0 pair of boots
Stlth   ..........              I - amulet of the acrobat
HPRegen 0.26/turn               i - ring of see invisible
MPRegen 0.12/turn               (no ring)

@: acrobatic
A: horns 2, retaliatory headbutt, strong 1
a: Renounce Religion, Recall Undead Harvest, Dark Bargain


You were on level 12 of the Dungeon.
You worshipped Yredelemnul.
Yredelemnul was noncommittal.
You visited 2 branches of the dungeon, and saw 13 of its levels.
You also visited: Bailey.

You collected 551 gold pieces.

Inventory:

Hand Weapons
 a - a +0 long sword
 m - the +11 whip "Bigg" (weapon) {vorpal, rPois Int+5}
   (You took it off a kobold on level 3 of the Dungeon)

   It inflicts extra damage upon your enemies.
   Int:       It affects your intelligence (+5).
   rPois:     It protects you from poison.
Armour
 b - a +0 scale mail
 c - a +0 buckler (worn)
 q - a +0 pair of boots (worn)
 u - a +0 plate armour (worn)
 J - a +0 kite shield
Jewellery
 f - an amulet of guardian spirit
 i - a ring of see invisible (left hand)
 I - an amulet of the acrobat (around neck)
Wands
 p - a wand of iceblast (17)
 w - a wand of mindburst (16)
 A - a wand of acid (13)
 H - a wand of flame (26)
 K - a wand of digging (1)
Scrolls
 g - a scroll of enchant armour {unknown}
 k - 2 scrolls of amnesia
 n - 2 scrolls of identify
 s - a scroll of fog
 v - a scroll of enchant weapon {unknown}
 x - a scroll of teleportation
Potions
 d - 4 potions of attraction
 e - a potion of cancellation {unknown}
 h - 2 potions of magic
 j - 3 potions of mutation
 l - a potion of invisibility {unknown}
 o - 2 potions of flight
 r - 2 potions of heal wounds
 t - a potion of lignification {unknown}
 z - 2 potions of curing {unknown}
 C - 3 potions of ambrosia
 D - 5 potions of brilliance


   Skills:
 + Level 9.3 Fighting
 - Level 2.4 Long Blades
 + Level 13.0 Maces & Flails
 + Level 12.4 Armour
 + Level 10.9 Dodging
 - Level 3.6 Shields


You had 10 spell levels left.
You didn't know any spells.
Your spell library contained the following spells:

 Spells                   Type           Power      Damage    Failure   Level
 Sandblast                Erth           0%         2d4       99%         1
 Blink                    Tloc           0%         N/A       100%        2
 Passwall                 Tmut/Erth      0%         N/A       100%        2
 Scorch                   Fire           0%         2d5       100%        2
 Ozocubu's Armour         Ice            0%         N/A       100%        3
 Stone Arrow              Conj/Erth      0%         3d7       100%        3
 Flame Wave               Conj/Fire      0%         2d4       100%        4
 Manifold Assault         Tloc           0%         N/A       100%        5
 Metabolic Englaciation   Hex/Ice        0%         N/A       100%        5
 Simulacrum               Ice/Necr       0%         N/A       100%        6
 Summon Cactus Giant      Summ           0%         N/A       100%        6
 Malign Gateway           Summ/Tloc      0%         N/A       100%        7
 Storm Form               Tmut/Air       0%         N/A       100%        7
 Summon Horrible Things   Summ           0%         N/A       100%        8


Dungeon Overview and Level Annotations

Branches:
Dungeon (12/15)            Temple (1/1) D:7            Lair (0/6) D:10
    Orc (0/2) D:11         Bailey (visited)

Altars:
Ashenzari
Cheibriados
Dithmenos
Elyvilon
Fedhas
Gozag
Hepliaklqana
Kikubaaqudgha
Makhleb
Nemelex Xobeh
Okawaru
Qazlal
Ru
Sif Muna
Trog
Uskayaw
Vehumet
Wu Jian
Xom
Yredelemnul
Zin
The Shining One

Shops:
D:3 [   D:6 (   D:8 =


Innate Abilities, Weirdness & Mutations

You have a pair of horns on your head.
You reflexively headbutt those who attack you in melee.
Your muscles are strong. (Str +2)


Message History

The troll is heavily wounded.
The troll bites you! The troll barely misses you. The troll claws you.
Unknown command.
You hit the troll. You headbutt the troll.
The troll is severely wounded.
Unknown command.
Unknown command.
You whack the troll!
The troll is almost dead.
The troll bites you!
* * * LOW HITPOINT WARNING * * *
The troll closely misses you. The troll claws you but does no damage.
A cyclops comes into view.
Unknown command.
Unknown command.
You whack the troll!
You kill the troll!
Your Maces & Flails skill increases to level 13!
Unknown command.
Unknown command.
You swap places.
Your deep elf pyromancer zombie hits the deep elf archer but does no damage.
The deep elf archer unwields a +0 dagger.
The deep elf archer wields a +0 longbow.
The deep elf archer shoots an arrow.
The arrow hits your deep elf pyromancer zombie!!
Things that are here:
a +2 dagger of distortion; 4 curare-tipped darts Your deep elf pyromancer zombie hits the deep elf archer.
The deep elf archer shoots an arrow.
The arrow closely misses your deep elf pyromancer zombie.
The arrow hits you!
* * * LOW HITPOINT WARNING * * *
A manticore comes into view.
Your deep elf pyromancer zombie hits the deep elf archer.
The deep elf archer shoots an arrow.
The arrow completely misses your deep elf pyromancer zombie.
The arrow hits you!!
You die...
Your body rises from the dead as a mindless zombie.

#....#### #.......
#.....#
#######.....#
#...K..+.....###.#
#.#####.........
#......<.)..###
### ...#........#
..!
####...@Z###.###
.......#Z#.....
#.#######e#.e#
#...# #.#.# #.#...
#.###.# #.# #H#
#.# #.#


You could see a deep elf archer (repels missiles, ally target), a manticore, a
friendly spectral unseen horror and a friendly deep elf pyromancer zombie.

Vanquished Creatures
  2 vault guards (Bailey)
  4 two-headed ogres
  Sonja (D:12)
  2 deep elf pyromancers (D:12)
  A freezing wraith (D:11)
  2 trolls
  Prince Ribbit (D:7)
  A blink frog (Bailey)
  2 shadows
  A wraith (D:10)
  2 vampires
  5 humans (Bailey)
  Eustachio (D:9)
  An acid dragon (D:11)
  8 orc warriors
  2 black bears
  2 necrophages
  5 ogres
  7 centaurs
  A phantom (D:4)
  A kobold brigand (D:9)
  8 bullfrogs
  3 gnoll sergeants
  3 scorpions
  27 killer bees
  A howler monkey (D:10)
  12 wights (D:7)
  3 centaur zombies
  A hound (D:7)
  A centaur skeleton (D:7)
  4 orc priests
  3 jellies (D:8)
  5 iguanas
  10 orc wizards
  Robin (D:2)
  5 gnolls (D:10)
  9 adders
  A shadow imp (D:7)
  3 white imps
  An ufetubus (D:7)
  An adder skeleton (D:4)
  2 worms
  2 dart slugs
  23 orcs
  7 endoplasms
  2 giant cockroaches (D:3)
  24 goblins
  10 hobgoblins
  7 jackals (D:1)
  10 kobolds
  4 quokkas
  2 ball pythons
  5 bats
  2 frilled lizards
  3 rats
  A spectral goblin (D:1)
258 creatures vanquished.

Vanquished Creatures (others)
  An unseen horror (D:12)
  An elf zombie (D:12)
  An acid dragon zombie (D:11)
  An orc zombie (D:11)
4 creatures vanquished.

Grand Total: 262 creatures vanquished

Notes
Turn   | Place    | Note
-------+----------+-------------------------------------------
     0 | D:1      | ZappyNine the Minotaur Fighter began the quest for the Orb.
     0 | D:1      | Reached XP level 1. HP: 19/19 MP: 0/0
   252 | D:1      | Reached XP level 2. HP: 21/28 MP: 1/1
   612 | D:1      | Reached skill level 5 in Fighting
   871 | D:1      | Found a faded altar of an unknown god.
  1166 | D:1      | Reached XP level 3. HP: 30/36 MP: 2/2
  1854 | D:2      | Noticed Robin
  1870 | D:2      | Reached XP level 4. HP: 31/44 MP: 0/3
  1876 | D:2      | Killed Robin
  2144 | D:3      | Noticed an ogre
  2149 | D:3      | Killed an ogre
  2150 | D:3      | Reached XP level 5. HP: 39/52 MP: 2/4
  2854 | D:3      | Identified the +4 whip of Aqes {protect, Stlth+}
  2861 | D:3      | Identified the +11 whip "Bigg" {vorpal, rPois Int+5}
  2870 | D:3      | Found Suchuifa's Armour Emporium.
  2988 | D:3      | Noticed an ogre
  3000 | D:3      | Killed an ogre
  3001 | D:3      | Reached skill level 2 in Maces & Flails
  3001 | D:3      | Reached XP level 6. HP: 14/61 MP: 1/5
  3790 | D:4      | Reached skill level 3 in Maces & Flails
  3897 | D:4      | Reached skill level 4 in Maces & Flails
  3943 | D:4      | Found a broken altar of Ashenzari.
  3986 | D:4      | Reached skill level 5 in Maces & Flails
  3986 | D:4      | Reached XP level 7. HP: 67/67 MP: 6/6
  4001 | D:4      | Reached skill level 6 in Maces & Flails
  4579 | D:5      | Entered Level 5 of the Dungeon
  4639 | D:5      | Reached skill level 7 in Maces & Flails
  4890 | D:5      | Reached skill level 8 in Maces & Flails
  4915 | D:5      | Reached XP level 8. HP: 71/74 MP: 7/7
  5098 | D:5      | Reached skill level 9 in Maces & Flails
  5414 | D:7      | Reached skill level 10 in Maces & Flails
  6006 | D:6      | Found a broken altar of Ashenzari.
  6544 | D:6      | Found Kourec's Weapon Shoppe.
  6664 | D:7      | Reached skill level 11 in Maces & Flails
  7069 | D:7      | Reached skill level 12 in Maces & Flails
  7069 | D:7      | Reached XP level 9. HP: 69/81 MP: 6/8
  7159 | D:7      | Noticed Prince Ribbit
  7174 | D:7      | Killed Prince Ribbit
  7175 | D:7      | Reached skill level 1 in Dodging
  7497 | D:7      | Reached skill level 5 in Armour
  7563 | D:7      | Found a staircase to the Ecumenical Temple.
  7748 | Temple   | Entered the Ecumenical Temple
  8537 | D:8      | Found Nise's Jewellery Emporium.
  9244 | D:9      | Reached skill level 5 in Dodging
  9323 | D:9      | Noticed a troll
  9334 | D:9      | Killed a troll
  9472 | D:9      | Noticed Eustachio
  9496 | D:9      | Reached XP level 10. HP: 72/88 MP: 9/9
  9508 | D:9      | Killed Eustachio
 10640 | D:9      | Gained mutation: Your muscles are strong. (Str +2) [potion
                  | of mutation]
 10650 | D:10     | Entered Level 10 of the Dungeon
 10809 | D:10     | Found a flagged portal.
 10928 | Bailey   | Entered a bailey
 10976 | Bailey   | Reached skill level 10 in Armour
 11092 | Bailey   | Noticed a vault guard
 11114 | Bailey   | Killed a vault guard
 11345 | Bailey   | Noticed a vault guard
 11362 | Bailey   | Killed a vault guard
 11363 | Bailey   | Reached XP level 11. HP: 45/94 MP: 10/10
 11413 | D:10     | Noticed a two-headed ogre
 11590 | D:10     | Found a staircase to the Lair.
 11806 | D:10     | Killed a two-headed ogre
 11807 | D:10     | Reached skill level 10 in Dodging
 12100 | D:10     | Noticed a two-headed ogre
 12107 | D:10     | Killed a two-headed ogre
 12202 | D:10     | Noticed a two-headed ogre
 12209 | D:10     | Killed a two-headed ogre
 12511 | D:11     | Noticed a two-headed ogre
 12518 | D:11     | Killed a two-headed ogre
 12872 | Temple   | Became a worshipper of Yredelemnul the Dark
 13348 | D:11     | Reached * piety under Yredelemnul
 13355 | D:11     | Reached ** piety under Yredelemnul
 13497 | D:11     | Found a staircase to the Orcish Mines.
 13696 | D:11     | Found a shimmering blue altar of Sif Muna.
 13727 | D:12     | Noticed Sonja
 13843 | D:12     | Killed Sonja
 14092 | D:12     | Noticed a deep elf pyromancer
 14092 | D:12     | Noticed a deep elf pyromancer
 14100 | D:12     | Killed a deep elf pyromancer
 14102 | D:12     | Noticed a boulder beetle
 14103 | D:12     | Killed a deep elf pyromancer
 14119 | D:12     | Noticed a deep elf archer
 14128 | D:12     | Reached skill level 13 in Maces & Flails
 14130 | D:12     | Shot with an arrow by a deep elf archer

Illustrated notes

Levels and vault maps discovered:
D:1:      lightli_arrival_flooded_house, layout_loops_corners,
          dreamdust_ecumenical_altar_drowned_temple
D:2:      layout_loops_cross, uniq_robin
D:3:      layout_basic, serial_shops, shop, minmay_pentomino_pile
D:4:      layout_basic, minmay_ruined_shrine
D:5:      wander_river, layout_basic, kennysheep_minor_cross
D:6:      layout_basic, evilmike_ruin_ashenzari, serial_shops,
          kennysheep_little_box
D:7:      layout_loops_ring, lemuel_temple_firewalk_a, uniq_prince_ribbit1
D:8:      layout_basic, serial_shops, nicolae_diamond_shop,
          minmay_parallelograms
D:9:      layout_basic, sword_in_stone
D:10:     layout_loops_ring, lair_entry_dummy, enter_bailey_8
D:11:     layout_loops_corners, orc_0_dummy, chequers_jeans, led_sif_book
D:12:     minmay_the_grid_square_5x5_5x5 [minmay_the_grid_square_5x5_tie,
          minmay_the_grid_square_5x5_misaligned,
          minmay_the_grid_square_5x5_two_walls_b,
          minmay_the_grid_square_5x5_percent, minmay_the_grid_square_5x5_slash,
          minmay_the_grid_square_5x5_inner_v,
          minmay_the_grid_square_5x5_prize_open,
          minmay_the_grid_square_5x5_moneybag,
          minmay_the_grid_square_5x5_prize_open,
          minmay_the_grid_square_5x5_bracketed,
          minmay_the_grid_square_5x5_n_small,
          minmay_the_grid_square_5x5_half_checkered,
          minmay_the_grid_square_5x5_prize_junk,
          minmay_the_grid_square_5x5_tri_point,
          minmay_the_grid_square_5x5_three_walls,
          minmay_the_grid_square_5x5_three,
          minmay_the_grid_square_5x5_prize_pseudospiral,
          minmay_the_grid_square_5x5_two,
          minmay_the_grid_square_5x5_prize_itemx,
          minmay_the_grid_square_5x5_comb, minmay_the_grid_square_5x5_c,
          minmay_the_grid_square_5x5_mess,
          minmay_the_grid_square_5x5_sharp_hourglass,
          minmay_the_grid_square_5x5_n, minmay_the_grid_square_5x5_shrine1],
          layout_basic, serial_ice, serial_ice_i, serial_ice_c, serial_ice_h,
          serial_ice_b, fungi_pond_lemuel, uniq_sonja
Temple:   mainiacjoe_temple_trianglar_array

Skill      XL: |  1  2  3  4  5  6  7  8  9 10 11 |
---------------+----------------------------------+-----
Fighting       | 4 5 6 7 9 |  9.3
Maces & Flails | 2 5 8 12 13 | 13.0
Armour         | 7 11 12 | 12.4
Dodging        | 6 9 10 | 10.9
Long Blades    | |  2.4
Shields        | |  3.6

Action                   |  1- 3 |  4- 6 |  7- 9 | 10-12 || total
-------------------------+-------+-------+-------+-------++-------
Melee: Long sword        |    95 |    50 |       |       ||   145
       Headbutt          |    17 |    13 |    39 |    65 ||   134
       Whip              |       |    29 |   258 |   319 ||   606
  Use: Potion            |     1 |       |       |     3 ||     4
       Scroll            |       |       |       |    21 ||    21
Armor: Scale mail        |    49 |    20 |     8 |       ||    77
       Plate armour      |       |       |    88 |   100 ||   188
Dodge: Dodged            |    42 |    24 |    66 |   142 ||   274
Block: Buckler           |    26 |    10 |    34 |    42 ||   112
